 Dungeon Crawl Stone Soup version 0.31-a0-851-g7ff8af7976 (webtiles) character file.

Game seed: 11723026892823828780

10759 kae the Severer (level 11, -1/99 HPs)
             Began as a Hill Orc Fighter on Oct 6, 2023.
             Was a Believer of Qazlal.
             Slain by a boulder beetle (18 damage)
             ... on level 11 of the Dungeon.
             The game lasted 00:06:10 (9587 turns).

kae the Severer (Hill Orc Fighter)                  Turns: 9587, Time: 00:06:11

Health: -1/99      AC: 14    Str: 24    XL:     11   Next: 67%
Magic:  17/17      EV:  9    Int: 12    God:    Qazlal [**....]
Gold:   959        SH:  6    Dex:  5    Spells: 10/10 levels left

rFire   . . .        l - +10 war axe of Perversion {freeze, Will+ rCorr Int+4 Dex-5}
rCold   . . .        c - +0 buckler
rNeg    . . .        b - +0 scale mail
rPois   .            o - +2 helmet
rElec   .            (no cloak)
rCorr   +            (no gloves)
SInv    .            m - +1 pair of boots
Will    +....        g - amulet of regeneration Stlth
                     R - ring of resist corrosion
HPRegen 1.16/turn    (no ring)
MPRegen 0.15/turn

%: no passive effects
@: no status effects
A: no striking features
a: Renounce Religion, Upheaval


You were on level 11 of the Dungeon.
You worshipped Qazlal.
Qazlal was pleased with you.
You visited 1 branch of the dungeon, and saw 11 of its levels.
You also visited: Ossuary.

You collected 959 gold pieces.


   Skills:
 - Level 10.0 Fighting
 - Level 16.0 Axes
 + Level 10.4 Armour
 - Level 3.2 Shields
 - Level 8.0 Invocations


You had 10 spell levels left.
You didn't know any spells.
Your spell library contained the following spells:

 Spells                   Type           Power      Damage    Failure   Level
 Necrotise                Necr           0%         1d4       63%         1
 Sandblast                Erth           0%         2d4       63%         1
 Sting                    Tmut/Pois      0%         1d3       63%         1
 Cigotuvi's Dreadful Rot  Necr/Pois/Air  0%         N/A       77%         2
 Ensorcelled Hibernation  Hex/Ice        0%         N/A       77%         2
 Jinxbite                 Hex            0%         N/A       77%         2
 Passwall                 Tmut/Erth      0%         N/A       77%         2
 Poisonous Vapours        Pois/Air       0%         N/A       77%         2
 Sublimation of Blood     Necr           0%         N/A       77%         2
 Wereblood                Tmut           0%         N/A       77%         2
 Mephitic Cloud           Conj/Pois/Air  0%         N/A       94%         3
 Stone Arrow              Conj/Erth      0%         3d7       94%         3
 Vampiric Draining        Necr           0%         2d6       94%         3
 Anguish                  Hex/Necr       0%         N/A       100%        4
 Brom's Barrelling Bould  Conj/Erth      0%         2d3       100%        4
 Dispel Undead            Necr           0%         3d6       100%        4
 Agony                    Necr           0%         N/A       100%        5
 Freezing Cloud           Conj/Ice/Air   0%         6-21      100%        5
 Irradiate                Conj/Tmut      0%         3d11      100%        5
 Summon Forest            Summ/Tloc      0%         N/A       100%        5
 Yara's Violent Unravell  Hex/Tmut       0%         3d3       100%        5
 Death Channel            Necr           0%         N/A       100%        6
 Eringya's Noxious Bog    Tmut/Pois      0%         4d6       100%        6
 Summon Hydra             Summ           0%         N/A       100%        7

Inventory:

Hand Weapons
 a - a +0 war axe
 l - the +10 war axe of Perversion (weapon) {freeze, Will+ rCorr Int+4 Dex-5}
   (You found it on level 4 of the Dungeon)

   Int+4:     It affects your intelligence (+4).
   Dex-5:     It affects your dexterity (-5).
   Will+:     It increases your willpower.
   rCorr:     It protects you from acid and corrosion.
Missiles
 e - 32 boomerangs
 f - 63 stones
 r - 3 javelins
 t - 14 curare-tipped darts {=f}
 u - 2 poisoned darts
 w - 5 throwing nets {=f!f}
Armour
 b - a +0 scale mail (worn)
 c - a +0 buckler (worn)
 m - a +1 pair of boots (worn)
   (You found it on level 2 of the Dungeon)
 o - a +2 helmet (worn)
   (You took it off Robin on level 3 of the Dungeon)
Magical Staves
 i - a staff of fire {!a}
   (You found it on level 1 of the Dungeon)
 I - a staff of cold {!a}
   (You found it on level 8 of the Dungeon)
Jewellery
 g - an amulet of regeneration (around neck)
   (You found it on level 5 of the Dungeon)
 R - a ring of resist corrosion (left hand)
   (You found it on level 1 of the Dungeon)
Wands
 d - a wand of charming (3)
   (You took it off a kobold on level 4 of the Dungeon)
 F - a wand of flame (28)
   (You found it on level 7 of the Dungeon)
 K - a wand of mindburst (9)
   (You took it off a centaur on level 9 of the Dungeon)
 N - a wand of digging (5)
   (You found it on level 10 of the Dungeon)
Scrolls
 j - 2 scrolls of teleportation {@r4}
 n - a scroll of vulnerability {!r!r}
 q - 2 scrolls of identify {@r1}
 x - 2 scrolls of poison
 y - a scroll of fear
 C - 3 scrolls of revelation
 H - 2 scrolls of immolation {!r!r}
 L - a scroll of fog
 M - a scroll of silence {!r}
 O - 2 scrolls of enchant weapon {unknown}
Potions
 h - a potion of invisibility
 k - 3 potions of lignification {!q}
 p - a potion of enlightenment
 s - 2 potions of mutation {!q}
 v - 2 potions of brilliance
 z - 6 potions of heal wounds {@q2}
 A - a potion of attraction {!q}
 B - 3 potions of magic
 D - 2 potions of curing {@q1}
 E - 2 potions of might
 G - a potion of haste {@q3}
 J - a potion of degeneration {!q}

Dungeon Overview and Level Annotations

Branches:
Dungeon (11/15) Zot: 26924  Temple (0/1) D:5         Ossuary (visited)
   Lair: D:8-11         Orc: D:9-12

Altars:
Ashenzari
Cheibriados
Dithmenos
Fedhas
Qazlal
Ru
Sif Muna
Trog
Uskayaw

#.#....)<....#
####.###...#)##.#
#...#........#)#
#$#.#....#...#)#
#.#.#..#.#..##.#
#.#.#..........#
#.#..>.#.....###
#.#.°#.#...###
######.#.○#@#.###
..........B.#.#
#.###.......+.#
#.......###
#.......#
+.......#
#.........
#.........#
#.........#


You could see a boulder beetle.


Message History

You hit the komodo dragon but do no damage.
There are monsters nearby!
Unknown command.
There are monsters nearby!
There are monsters nearby!
You slash the komodo dragon!
The komodo dragon seems to slow down.
You freeze the komodo dragon. You slash the boulder beetle!
You freeze the boulder beetle.
The boulder beetle hits you but does no damage.
The boulder beetle stops rolling and uncurls.
You block the komodo dragon's attack.
You hit the boulder beetle but do no damage.
You hit the komodo dragon. You freeze the komodo dragon.
You block the boulder beetle's attack.
You hit the komodo dragon. You freeze the komodo dragon.
You hit the boulder beetle. You freeze the boulder beetle.
The komodo dragon barely misses you.
You hit the komodo dragon.
The komodo dragon seems to slow down.
You freeze the komodo dragon. You hit the boulder beetle.
You freeze the boulder beetle.
The boulder beetle bites you but does no damage.
You hit the boulder beetle but do no damage.
You slash the komodo dragon! You freeze the komodo dragon.
The komodo dragon bites you!
The boulder beetle leaps!
You slash the komodo dragon! You freeze the komodo dragon.
You kill the komodo dragon!
Qazlal accepts your kill. 😕 HP[-16]
You take 16 damage, and now have 83/99 hp.
The boulder beetle leaps!
You see here 4 large rocks {=f}. 😕 HP[+2]
You regained 2 hp, and now have 85/99 hp.
The boulder beetle bites you!!
You are too injured to fight recklessly! 😮 HP[-18]
You take 18 damage, and now have 67/99 hp.
You are too injured to fight recklessly!
You are too injured to fight recklessly!
You are too injured to fight recklessly!
You are too injured to fight recklessly!
You are too injured to fight recklessly!
You are too injured to fight recklessly!
You hit the boulder beetle but do no damage. 😮 HP[+1]
You hit the boulder beetle but do no damage.
The boulder beetle barely misses you. 😮 HP[+1] Unknown command.
You hit the boulder beetle. You freeze the boulder beetle.
The boulder beetle leaps! 😮 HP[+1]
The boulder beetle leaps! 😮 HP[+1] Unknown command. 😮 HP[+1]
A boulder beetle is nearby! 😮 HP[+1]
The boulder beetle curls into a ball and begins rolling! 😕 HP[+2]
You regained 2 hp, and now have 75/99 hp. 😕 HP[+1]
The boulder beetle hits you!!!
* * * LOW HITPOINT WARNING * * *
The boulder beetle stops rolling and uncurls. 😨 HP[-35]
You take 35 damage, and now have 41/99 hp.
MASSIVE DAMAGE!! (PAUSE)
You slash the boulder beetle!
You freeze the boulder beetle. 😨 HP[+1] Unknown command.
You hit the boulder beetle. You freeze the boulder beetle.
The boulder beetle leaps! 😨 HP[+1]
The boulder beetle leaps! 😨 HP[+1] 😨 HP[+1]
The boulder beetle leaps! 😨 HP[+1] 😨 HP[+1]
The boulder beetle curls into a ball and begins rolling! 😨 HP[+1] 😮 HP[+2]
You regained 2 hp, and now have 50/99 hp.
You see here 4 large rocks {=f}. 😮 HP[+1]
The boulder beetle attacks as it pursues you!
The boulder beetle hits you!!
* * * LOW HITPOINT WARNING * * *
The boulder beetle stops rolling and uncurls.
The boulder beetle bites you!!
* * * LOW HITPOINT WARNING * * *
😱 HP[-35]
You take 35 damage, and now have 16/99 hp.
MASSIVE DAMAGE!! (PAUSE)
You hit the boulder beetle but do no damage. 😱 HP[+1]
You hit the boulder beetle. You freeze the boulder beetle.
The boulder beetle bites you!!
You die...

Skill      XL: |  1  2  3  4  5  6  7  8  9 10 11 |
---------------+----------------------------------+-----
Axes           | 3 4 5 6 8 10 13 16 | 16.0
Fighting       | 4 6 7 10 | 10.0
Invocations    | 3 8 |  8.0
Armour         | 6 10 | 10.4
Shields        | |  3.2

Action                     |  1- 3 |  4- 6 |  7- 9 | 10-12 || total
---------------------------+-------+-------+-------+-------++-------
  Melee: War axe           |   126 |   152 |   166 |   158 ||   602
    Use: Scroll            |     1 |     2 |    14 |     3 ||    20
         Potion            |       |     2 |     4 |       ||     6
   Stab: Invisible         |       |       |     2 |       ||     2
         Paralysed         |       |       |       |     1 ||     1
 Armour: Scale mail        |   102 |   106 |    75 |   176 ||   459
  Dodge: Dodged            |    72 |    73 |    46 |    46 ||   237
  Block: Buckler           |    23 |    31 |    12 |    31 ||    97

Levels and vault maps discovered:
D:1:      shiori_arrival_whats_in_store_for_you, layout_loops_ring,
          minmay_liquid_box, chequers_arboretum
D:2:      layout_basic, minmay_misc_feat_more_columns
D:3:      layout_loops_ring, slow_altar_1, uniq_robin
D:4:      layout_cave_pools, gammafunk_ghost_nasty_kobolds, uniq_menkaure,
          uniq_crazy_yiuf_cottage
D:5:      layout_cave_pods, grunt_temple_overflow_cloverleaf,
          minmay_temple_entry_arrows, uniq_grinder
D:6:      layout_rooms, lemuel_tele_altar, uniq_pikel, uniq_eustachio
D:7:      layout_layer_cave, mainiacjoe_overflow_small_starburst,
          nicolae_ossuary_entry_false_entrances,
          nicolae_kite_square_tiling_tiny, minmay_misc_feat_rows
D:8:      hellmonk_ruined_rings, layout_cave_pods, ebering_ghost_inner_flame,
          uniq_joseph, uniq_gastronok
D:9:      layout_basic
D:10:     layout_cave_pools, nicolae_ru_great_annihilating_truth,
          amcnicky_altar_gilded, minmay_increasing_density, uniq_maggie
D:11:     layout_basic, grunt_lair_entry_orc_guard_hut, zombieorc1_lemuel,
          gammafunk_ghost_hive, chequers_serial_rivers_micro_c

Notes
Turn   | Place    | Note
-------+----------+-------------------------------------------
     0 | D:1      | kae the Hill Orc Fighter began the quest for the Orb.
     0 | D:1      | Reached XP level 1. HP: 19/19 MP: 1/1
     0 | D:1      | Noticed a spriggan
     0 | D:1      | magus.rc [v1.11.3]
     3 | D:1      | Noticed a demigod
     6 | D:1      | Noticed a minotaur
     8 | D:1      | Noticed a dwarf
    15 | D:1      | Noticed a demonspawn zombie
    17 | D:1      | Noticed a gargoyle
    17 | D:1      | Noticed a merfolk zombie
    55 | D:1      | Reached skill level 3 in Axes
    69 | D:1      | Reached XP level 2. HP: 19/26 MP: 2/2
    80 | D:1      | You pick up a book of Decay and begin reading...
    80 | D:1      | You add the spells Cigotuvi's Dreadful Rot, Dispel Undead
                  | and Death Channel to your library.
   119 | D:1      | Reached skill level 4 in Axes
   301 | D:1      | Reached XP level 3. HP: 32/33 MP: 3/3
   600 | D:1      | Reached skill level 4 in Fighting
  1095 | D:2      | Reached XP level 4. HP: 29/40 MP: 4/4
  1175 | D:2      | Reached skill level 5 in Axes
  1233 | D:2      | You add the spells Summon Forest, Eringya's Noxious Bog and
                  | Summon Hydra to your library.
  1901 | D:3      | Noticed Robin
  1925 | D:2      | Reached XP level 5. HP: 23/47 MP: 5/5
  2022 | D:3      | Killed Robin
  2023 | D:3      | Reached skill level 5 in Fighting
  2278 | D:3      | Found a snail-covered altar of Cheibriados.
  2588 | D:3      | Reached skill level 6 in Axes
  2682 | D:4      | You pick up a book of Dreams and begin reading...
  2682 | D:4      | You add the spells Jinxbite, Ensorcelled Hibernation and
                  | Anguish to your library.
  2728 | D:4      | Noticed a water moccasin
  2736 | D:4      | Killed a water moccasin
  2737 | D:4      | Reached skill level 6 in Fighting
  2737 | D:4      | Reached XP level 6. HP: 32/57 MP: 6/6
  2740 | D:4      | Reached skill level 7 in Axes
  2859 | D:4      | You pick up a book of Vapours and begin reading...
  2859 | D:4      | You add the spells Poisonous Vapours, Mephitic Cloud and
                  | Freezing Cloud to your library.
  3035 | D:4      | You pick up a book of Geomancy and begin reading...
  3035 | D:4      | You add the spells Sandblast, Passwall, Stone Arrow and
                  | Brom's Barrelling Boulder to your library.
  3162 | D:4      | Noticed Menkaure
  3180 | D:4      | HP: 10/57 [??? (8)]
  3184 | D:4      | Reached skill level 8 in Axes
  3184 | D:4      | Reached XP level 7. HP: 18/63 MP: 7/7
  3184 | D:4      | Killed Menkaure
  3367 | D:4      | Reached skill level 9 in Axes
  3391 | D:4      | Found a runed translucent gate.
  3391 | D:4      | Found a runed translucent gate.
  3391 | D:4      | Found a runed translucent gate.
  3392 | D:4      | Noticed Ge0ff's ghost (amateur OpFi)
  3524 | D:4      | Found a runed translucent door.
  3525 | D:4      | Noticed Crazy Yiuf
  3785 | D:4      | Killed Ge0ff's ghost
  3786 | D:4      | Reached skill level 10 in Axes
  3786 | D:4      | Reached XP level 8. HP: 50/70 MP: 8/8
  3795 | D:4      | Identified the +10 war axe of Perversion {freeze, Will+
                  | rCorr Int+4 Dex-5}
  3901 | D:4      | Killed Crazy Yiuf
  3954 | D:5      | Entered Level 5 of the Dungeon
  3967 | D:5      | Reached skill level 11 in Axes
  3973 | D:5      | You pick up a book of Necromancy and begin reading...
  3973 | D:5      | You add the spells Necrotise, Vampiric Draining and Agony
                  | to your library.
  4194 | D:5      | Identified the +1 robe "Tiamarph" {Dex+7}
  4228 | D:5      | Noticed Grinder
  4236 | D:5      | Killed Grinder
  4237 | D:5      | Reached skill level 12 in Axes
  4438 | D:5      | Found a shadowy altar of Dithmenos.
  4441 | D:5      | Found a bloodstained altar of Trog.
  4459 | D:5      | Found a broken altar of Ashenzari.
  4462 | D:5      | Found a stormy altar of Qazlal.
  4502 | D:5      | Reached skill level 13 in Axes
  4536 | D:5      | Found a staircase to the Ecumenical Temple.
  4558 | D:5      | Became a worshipper of Qazlal Stormbringer
  5137 | D:6      | Reached XP level 9. HP: 75/75 MP: 9/9
  5188 | D:6      | Reached skill level 14 in Axes
  5194 | D:6      | You pick up a book of Blood and begin reading...
  5194 | D:6      | You add the spells Sublimation of Blood and Wereblood to
                  | your library.
  5421 | D:6      | Noticed Pikel
  5427 | D:6      | Killed Pikel
  5428 | D:6      | Reached skill level 15 in Axes
  5468 | D:6      | Found a hide-covered altar of Uskayaw.
  5583 | D:6      | Noticed Eustachio
  5592 | D:6      | Killed Eustachio
  5723 | D:7      | Found a blossoming altar of Fedhas.
  5759 | D:7      | Reached skill level 16 in Axes
  5759 | D:7      | Reached skill level 1 in Invocations
  5763 | D:7      | Reached skill level 2 in Invocations
  5972 | D:7      | Found a sand-covered staircase.
  5990 | Ossuary  | Entered an ossuary
  6012 | Ossuary  | Reached * piety under Qazlal
  6039 | Ossuary  | Reached skill level 3 in Invocations
  6946 | D:8      | Reached skill level 7 in Fighting
  6946 | D:8      | Reached XP level 10. HP: 86/86 MP: 12/12
  7016 | D:8      | Found a runed translucent door.
  7019 | D:8      | Noticed Takeo's ghost (novice HOGl)
  7086 | D:8      | Noticed Joseph
  7089 | D:8      | Noticed Gastronok
  7089 | D:8      | Gastronok the Ponderous comes into view. He is wearing the
                  | +3 hat of Pondering {ponderous, Will+ MP+10 Int+5}.
  7098 | D:8      | Killed Joseph
  7099 | D:8      | Reached skill level 4 in Invocations
  7108 | D:8      | HP: 10/88 [Gastronok (19)]
  7111 | D:8      | Killed Gastronok
  7112 | D:8      | Reached skill level 8 in Fighting
  7112 | D:8      | Reached skill level 6 in Invocations
  7258 | D:8      | Reached skill level 7 in Invocations
  7639 | D:8      | Killed Takeo's ghost
  7640 | D:8      | Reached skill level 9 in Fighting
  7741 | D:9      | Noticed a two-headed ogre
  7748 | D:9      | Killed a two-headed ogre
  7749 | D:9      | Reached skill level 10 in Fighting
  7749 | D:9      | Reached skill level 8 in Invocations
  7749 | D:9      | Reached skill level 4 in Armour
  7799 | D:9      | Noticed a centaur warrior
  7809 | D:9      | Killed a centaur warrior
  7810 | D:9      | Reached skill level 6 in Armour
  7810 | D:9      | Reached XP level 11. HP: 72/99 MP: 17/17
  8144 | D:9      | Reached ** piety under Qazlal
  8291 | D:9      | Noticed a two-headed ogre
  8299 | D:9      | Killed a two-headed ogre
  8300 | D:9      | Reached skill level 7 in Armour
  8382 | D:9      | Noticed a two-headed ogre
  8386 | D:9      | Killed a two-headed ogre
  8387 | D:9      | Reached skill level 8 in Armour
  8565 | D:10     | Entered Level 10 of the Dungeon
  8592 | D:10     | Noticed Maggie
  8596 | D:10     | Found a shimmering blue altar of Sif Muna.
  8601 | D:10     | Killed Maggie
  8639 | D:10     | HP: 23/98 [something (7)]
  8789 | D:10     | You add the spells Sting, Irradiate and Yara's Violent
                  | Unravelling to your library.
  8789 | D:10     | Got a vellum book
  8985 | D:10     | Reached skill level 9 in Armour
  9140 | D:10     | Reached skill level 10 in Armour
  9264 | D:10     | Found a sacrificial altar of Ru.
  9553 | D:11     | Noticed a boulder beetle
  9585 | D:11     | HP: 16/99 [boulder beetle (18)]
  9587 | D:11     | Slain by a boulder beetle

Vanquished Creatures
  Gastronok (D:8)
  A centaur warrior (D:9)
  The ghost of Takeo the Carver, a novice HOGl of Okawaru (D:8)
  3 two-headed ogres (D:9)
  Pikel (D:6)
  Joseph (D:8)
  2 unseen horrors (D:10)
  A komodo dragon (D:11)
  Maggie (D:10)
  The ghost of Ge0ff the Cutter, an amateur OpFi (D:4)
  Grinder (D:5)
  A shadow (D:10)
  4 yaks (D:10)
  Eustachio (D:6)
  Menkaure (D:4)
  2 water moccasins
  3 black bears
  5 orc warriors
  An ice beast (D:6)
  2 sky beasts
  2 ogres
  5 centaurs
  A phantom (D:4)
  3 kobold brigands
  A bullfrog (D:9)
  A gnoll sergeant (D:5)
  5 scorpions
  2 howler monkeys
  Crazy Yiuf (D:4)
  2 hounds
  3 orc priests
  A gnoll bouda (D:8)
  An iron imp (D:3)
  A sleepcap (D:5)
  6 iguanas
  6 orc wizards
  8 mummies (Ossuary)
  Robin (D:3)
  11 gnolls
  9 adders
  A dart slug (D:1)
  23 orcs
  8 endoplasms
  4 giant cockroaches
  A gnoll zombie (Ossuary)
  16 goblins
  10 hobgoblins
  8 jackals
  7 quokkas
  6 ball pythons
  7 bats
  3 frilled lizards
  A hobgoblin zombie (Ossuary)
  17 kobolds
  3 kobold zombies (Ossuary)
  3 orc zombies (Ossuary)
  4 rats
226 creatures vanquished.

Table legend:
 A = Non-vault XP
 B = Vault XP
 C = Vault XP percentage of total XP
 D = Non-vault monster count
 E = Vault monster count
 F = Vault count percentage of total count
                 A         B        C        D         E       F
            +---------+---------+-------+---------+---------+-------
      Total |    9206 |    6164 |  40.1 |     170 |      56 |  24.8
            +---------+---------+-------+---------+---------+-------
        D:1 |      56 |       0 |   0.0 |      32 |       0 |   0.0
        D:2 |      90 |       4 |   4.3 |      26 |       2 |   7.1
        D:3 |      26 |      72 |  73.5 |       8 |      12 |  60.0
        D:4 |     437 |     589 |  57.4 |      19 |       9 |  32.1
        D:5 |     795 |     258 |  24.5 |      19 |       1 |   5.0
        D:6 |     564 |     802 |  58.7 |      13 |       2 |  13.3
        D:7 |     662 |       0 |   0.0 |       6 |       0 |   0.0
        D:8 |     394 |    2919 |  88.1 |      11 |       4 |  26.7
        D:9 |    3996 |       0 |   0.0 |      17 |       0 |   0.0
       D:10 |    1617 |    1367 |  45.8 |      14 |      10 |  41.7
       D:11 |     569 |       0 |   0.0 |       5 |       0 |   0.0
    Ossuary |       0 |     153 | 100.0 |       0 |      16 | 100.0
            +---------+---------+-------+---------+---------+-------

Skill      XL: |  1  2  3  4  5  6  7  8  9 10 11 |
---------------+----------------------------------+-----
Axes           | 3 4 5 6 8 10 13 16 | 16.0
Fighting       | 4 6 7 10 | 10.0
Invocations    | 3 8 |  8.0
Armour         | 6 10 | 10.4
Shields        | |  3.2

Action                     |  1- 3 |  4- 6 |  7- 9 | 10-12 || total
---------------------------+-------+-------+-------+-------++-------
  Melee: War axe           |   126 |   152 |   166 |   158 ||   602
    Use: Scroll            |     1 |     2 |    14 |     3 ||    20
         Potion            |       |     2 |     4 |       ||     6
   Stab: Invisible         |       |       |     2 |       ||     2
         Paralysed         |       |       |       |     1 ||     1
 Armour: Scale mail        |   102 |   106 |    75 |   176 ||   459
  Dodge: Dodged            |    72 |    73 |    46 |    46 ||   237
  Block: Buckler           |    23 |    31 |    12 |    31 ||    97

Illustrated notes

Table legend:
 A = Kills in this place as a percentage of kills in the entire game.
 B = Kills by you in this place as a percentage of kills by you in the entire game.
 C = Kills by friends in this place as a percentage of kills by friends in the entire game.
 D = Other kills in this place as a percentage of other kills in the entire game.
 E = Experience gained in this place as a percentage of experience gained in the entire game.
 F = Experience gained in this place divided by the number of levels of this place that you have seen.
                   A       B       C       D       E      F
               +-------+-------+-------+-------+-------+----------------------
         Total | 100.0 | 100.0 |   N/A |   N/A | 100.0 | 1280.8
       Dungeon |  92.9 |  92.9 |   N/A |   N/A |  99.0 | 1383.4
       Ossuary |   7.1 |   7.1 |   N/A |   N/A |   1.0 | 153.0
               +-------+-------+-------+-------+-------+----------------------

Table legend: (Time is in decaauts)
 A = Elapsed time spent in this place.
 B = Non-inter-level travel time spent in this place.
 C = Inter-level travel time spent in this place.
 D = Time resting spent in this place.
 E = Time spent auto-exploring this place.
 F = Levels seen in this place.
 G = Mean time per level.
                   A        B        C        D        E       F      G
               +--------+--------+--------+--------+--------+-----+--------+
         Total |   9589 |   9179 |    410 |    325 |   7389 |  12 |  799.1 |
       Dungeon |   9416 |   9006 |    410 |    325 |   7275 |  11 |  856.0 |
       Ossuary |    172 |    172 |      0 |      0 |    114 |   1 |  172.0 |
               +--------+--------+--------+--------+--------+-----+--------+

Top non-repeatable levels by time:
     D:4: 1216 daAuts
     D:5: 1173 daAuts
     D:2: 1140 daAuts
     D:8: 1059 daAuts
     D:1: 913 daAuts
    D:10: 909 daAuts
     D:7: 862 daAuts
     D:9: 828 daAuts
     D:3: 774 daAuts
     D:6: 465 daAuts
 Ossuary: 172 daAuts
    D:11: 74 daAuts
